AoeStats
← [La14]Uvita

Arabia

507831185Analyzed
2v2 RM · 13d ago on Sep 19, 2026· 63m 11s· 4 players
Game mode
Random Map
Map size
Medium (4 player)
Population
200
Speed
Normal
Resources
Standard
Victory
Conquest
Starting age
Dark Age
Ending age
Imperial Age
RankedLock teamsTeams togetherTeam positionsShared explorationLock speedFull tech treeHidden civsTurbo modeCheats
Victory
Defeat
🇨🇴 Magyars · Colombia
1227
+14
🇦🇷 Mongols · Argentina
1191
+16
🇦🇷 Vietnamese · Argentina
1256
-18
🇦🇷 Aztecs · Argentina
1112
-12
[La14]Uvita
7:18 Loom
10:12 Feudal Age
11:13 Gold Mining
11:35 Double-Bit Axe
16:21 Forging
19:42 Scale Mail Armor
19:45 Horse Collar
21:11 Wheelbarrow
23:17 Arson
26:18 Castle Age
26:21 Eagle Warrior
27:02 Squires
26:23 Pikeman
28:21 Fletching
30:50 Chain Mail Armor
31:51 Heavy Plow
32:09 Stone Mining
34:01 Town Watch
36:19 Iron Casting
36:54 Bow Saw
37:23 Gold Shaft Mining
37:33 Fervor
37:51 Bodkin Arrow
45:12 Imperial Age
46:24 Ballistics
45:45 Treadmill Crane
46:01 Murder Holes
47:49 Plate Mail Armor
48:54 Hand Cart
49:46 Caravan
49:51 Elite Skirmisher
51:02 Elite Eagle Warrior
52:09 Conscription
51:36 Imperial Skirmisher
53:11 Padded Archer Armor
54:04 Bracer
55:42 Chemistry
[La14] Monarca Yupanqui
5:19 Loom
5:22 Loom
12:08 Feudal Age
19:43 Double-Bit Axe
19:39 Horse Collar
20:39 Fletching
21:40 Padded Archer Armor
26:49 Castle Age
25:40 Gold Mining
25:40 Stone Mining
27:27 Bodkin Arrow
26:56 Crossbowman
28:40 Bow Saw
28:31 Heavy Plow
31:17 Leather Archer Armor
32:20 Wheelbarrow
33:33 Husbandry
35:04 Bloodlines
35:31 Thumb Ring
38:09 Ballistics
38:12 Hand Cart
43:37 Stone Shaft Mining
46:43 Imperial Age
45:34 Stone Shaft Mining
44:47 Town Watch
47:28 Bracer
46:51 Heavy Cavalry Archer
47:24 Elite Skirmisher
49:11 Two-Man Saw
49:42 Chemistry
48:35 Imperial Skirmisher
54:50 Scale Mail Armor
55:01 Forging
55:45 Pikeman
56:26 Squires
57:51 Chain Mail Armor
58:11 Iron Casting
59:05 Plate Mail Armor
59:53 Ring Archer Armor
ColoX
5:37 Loom
7:56 Feudal Age
9:11 Double-Bit Axe
17:00 Wheelbarrow
22:11 Castle Age
21:10 Scale Barding Armor
22:22 Bloodlines
23:32 Bow Saw
24:40 Chain Barding Armor
26:16 Forging
26:07 Gold Mining
32:32 Fletching
34:32 Husbandry
34:20 Town Watch
36:44 Hand Cart
40:38 Imperial Age
38:55 Bodkin Arrow
40:57 Padded Archer Armor
42:23 Chemistry
41:43 Ballistics
52:04 Bracer
53:27 Leather Archer Armor
54:32 Parthian Tactics
54:55 Conscription
57:33 Elite Mangudai
58:44 Capped Ram
63:39 Drill
dmuetec36621
3:58 Loom
10:02 Feudal Age
21:23 Castle Age
19:49 Gold Mining
24:51 Fletching
25:24 Town Watch
26:15 Wheelbarrow
25:55 Padded Archer Armor
27:59 Bodkin Arrow
27:49 Elite Skirmisher
28:38 Double-Bit Axe
29:13 Scale Mail Armor
33:30 Bow Saw
33:37 Horse Collar
41:10 Imperial Age
39:00 Hand Cart
38:47 Heavy Plow
39:52 Leather Archer Armor
39:53 Chain Mail Armor
39:57 Scale Barding Armor
40:02 Thumb Ring
40:36 Corvinian Army
42:42 Chain Barding Armor
43:35 Ballistics
44:12 Bracer
44:48 Plate Barding Armor
45:07 Conscription
45:50 Gold Shaft Mining
45:05 Stone Mining
46:46 Ring Archer Armor
48:40 Chemistry
49:26 Elite Magyar Huszar
52:45 Two-Man Saw
53:25 Crop Rotation
57:06 Husbandry
57:16 Bloodlines
58:31 Recurve Bow
59:07 Hoardings
Connection lost

Rejoining the realm…

Still unreachable

The connection could not be restored.

Session expired

The server has moved on; the page needs a fresh start.